 Dungeon Crawl Stone Soup version 0.31-a0-233-g139696dc86 (webtiles) character file.

Game seed: 4775748218893569886

1934 qw the Skirmisher (level 8, -9/73 HPs)
             Began as a Minotaur Hexslinger on July 7, 2023.
             Was an Initiate of Okawaru.
             Mangled by a hornet (11 damage)
             ... on level 7 of the Dungeon.
             The game lasted 00:02:37 (5885 turns).

qw the Skirmisher (Minotaur Hexslinger)             Turns: 5885, Time: 00:02:38

Health: -9/73      AC:  6    Str: 17    XL:     8   Next: 97%
Magic:  8/8        EV: 12    Int:  9    God:    Okawaru [......]
Gold:   300        SH:  0    Dex: 12    Spells: 8/9 levels left

rFire   . . .        e - +0 arbalest
rCold   . . .        (shield currently unavailable)
rNeg    . . .        j - +0 steam dragon scales
rPois   .            (helmet restricted)
rElec   .            (no cloak)
rCorr   .            i - +0 pair of gloves
SInv    .            (no boots)
Will    +....        (no amulet)
Stlth   +            l - ring of willpower
HPRegen 0.32/turn    (no ring)
MPRegen 0.11/turn

%: no passive effects
@: about to teleport, slowed, very slow
A: horns 2, retaliatory headbutt, clumsy 1, strong 1, wild magic 2
a: Renounce Religion


You were on level 7 of the Dungeon.
You worshipped Okawaru.
Okawaru was noncommittal.
You visited 2 branches of the dungeon, and saw 8 of its levels.

You collected 300 gold pieces.


Innate Abilities, Weirdness & Mutations

You have a pair of horns on your head.
You reflexively headbutt those who attack you in melee.
You are clumsy. (Dex -2)
Your muscles are strong. (Str +4, Int/Dex -1)
Your spells are harder to cast, but more powerful.


   Skills:
 - Level 7.1 Fighting
 + Level 10.7 Ranged Weapons
 - Level 2.2 Armour
 - Level 3.0 Dodging
 - Level 1.0 Spellcasting
 - Level 2.0 Hexes


You had 8 spell levels left.
You knew the following spells:

 Your Spells              Type           Power      Damage    Failure   Level
a - Slow                  Hex            24%        N/A       30%         1

Your spell library contained the following spells:

 Spells                   Type           Power      Damage    Failure   Level
 Inner Flame              Hex/Fire       3%         N/A       75%         3
 Portal Projectile        Hex/Tloc       6%         N/A       75%         3
 Cause Fear               Hex            3%         N/A       93%         4

Inventory:

Hand Weapons
 e - a +0 arbalest (weapon)
Armour
 i - a +0 pair of gloves (worn)
 j - +0 steam dragon scales (worn)
Jewellery
 l - a ring of willpower (left hand)
Scrolls
 f - a scroll of identify
Potions
 a - a potion of mutation
 c - a potion of magic
 d - a potion of cancellation
 g - a potion of enlightenment
 h - a potion of haste
 k - 2 potions of curing

Dungeon Overview and Level Annotations

Branches:
Dungeon (7/15)             Temple (1/1) D:6

Altars:
Ashenzari
Cheibriados
Dithmenos
Elyvilon
Fedhas
Gozag
Hepliaklqana
Kikubaaqudgha
Makhleb
Nemelex Xobeh
Okawaru
Qazlal
Sif Muna
Trog
Uskayaw
Wu Jian
Xom
Yredelemnul
Zin
The Shining One


Message History

You feel yourself speed up.
You feel very sick.
The hornet closely misses you. x2; You furiously retaliate!
You headbutt the hornet.
An electric eel comes into view.
The hornet stings you but does no damage.
You shoot a bolt. The bolt closely misses the hornet.
You feel sick. The hornet stings you!
You feel yourself slow down. The hornet closely misses you.
An orc comes into view. It is wielding a +0 trident.
5882 ||| READING 2 scrolls of teleportation.
As you read the scroll of teleportation, it crumbles to dust.
You feel strangely unstable.
You feel sick. The hornet closely misses you.
The electric eel shoots out a bolt of lightning at you!
The bolt of electricity hits you! The hornet closely misses you.
5883 ||| DRINKING potion of heal wounds.
You feel much better.
You feel yourself speed up.
Your surroundings seem slightly different.
You feel sick.
Enter note:
Enter note:
Enter note:
Enter note:
Enter note:
Enter note: You shoot a bolt.
The bolt hits the hornet but does no damage.
The hornet is lightly wounded.
You feel sick.
You are no longer poisoned.
The hornet stings you!
You feel yourself slow down. The hornet stings you!
You feel as though you will be slow longer.
5885 ||| READING scroll of teleportation.
As you read the scroll of teleportation, it crumbles to dust.
You feel strangely unstable. The hornet closely misses you.
You furiously retaliate!
You headbutt the hornet! The hornet stings you!
You die...

.#
#~~~~~~~~~~~~)~~~~~.~~~~~..#
##
#~~777~~~777~)~777~.~777~~.#
# #.~ 7~~~7 7~)~7 7~~~7 ~~.#
# #.~
7~.~777~.~777~.~777~~.# #~~
~~~~~~~~~~~~~~~?~~~~~~.#
#~~....~~~..~..ยค~.~~..~~
#.~~~~~.~~~~~~~~~~~.~~~~
~.~777~~y777~~~777 ~.~ 7~@~7
~~~7 ~. 7~~~7 ~S7 ~~~.~~~
.~~~ ~.~.~~.~~.~ ~..~
~~~~~~~.~~~~~~~~~~
~.~777~.~777~.~ .~7 ~.~
7~.~7 ~.~ #~~777~. 7~.~7 ~~
#.~~~~~.~~ ~~~~


You could see a hornet.

Vanquished Creatures
  Eustachio (D:4)
  A steam dragon (D:6)
  Edmund (D:5)
  A sky beast (D:7)
  An ogre (D:6)
  A centaur (D:7)
  2 phantoms (D:6)
  A kobold brigand (D:7)
  4 scorpions
  4 electric eels (D:7)
  4 hounds
  2 jellies
  2 orc priests
  A gnoll bouda (D:5)
  A sleepcap (D:6)
  2 iguanas
  An orc wizard (D:4)
  Natasha (thrice) (D:4)
  3 gnolls (D:5)
  7 adders
  3 white imps
  4 worms
  3 dart slugs
  18 orcs
  3 bats
  10 endoplasms
  2 giant cockroaches (D:3)
  4 goblins
  5 hobgoblins
  4 jackals (D:2)
  13 kobolds
  4 quokkas
  9 ball pythons
  4 frilled lizards
  3 rats
132 creatures vanquished.

Notes
Turn   | Place    | Note
-------+----------+-------------------------------------------
     0 | D:1      | qw the Minotaur Hexslinger began the quest for the Orb.
     0 | D:1      | Reached XP level 1. HP: 16/16 MP: 1/1
     0 | D:1      | 0 ||| qw: Version: 0.3-a-46-gb1f654a
     0 | D:1      | 0 ||| qw: Game counter: 3123
     0 | D:1      | 0 ||| qw: Melee chars always use a shield: true
     0 | D:1      | 0 ||| qw: God list: Okawaru
     0 | D:1      | 0 ||| qw: Allow faded altars: false
     0 | D:1      | 0 ||| qw: Do Orc after clearing Dungeon:15 true
     0 | D:1      | 0 ||| qw: Do second Lair branch before Depths: true
     0 | D:1      | 0 ||| qw: Lair rune preference: random
     0 | D:1      | 0 ||| qw: Goals: Normal
     0 | D:1      | 0 ||| PLANNING D:1-11
    20 | D:1      | Found a faded altar of an unknown god.
   118 | D:1      | Reached skill level 3 in Ranged Weapons
   127 | D:1      | Reached XP level 2. HP: 23/23 MP: 2/2
   476 | D:1      | 476 ||| UPGRADING to +0 pair of gloves.
   481 | D:1      | 481 ||| UPGRADING to ring of willpower.
   482 | D:1      | 482 ||| READING scroll labelled HOALUT WEKAWA.
   483 | D:1      | 483 ||| READING scroll labelled CUL TUYCZADAQ.
   484 | D:1      | 484 ||| READING scroll labelled AVVAXE UH CYUDD.
   485 | D:1      | 485 ||| READING scroll labelled XOFRYW PEGI.
   529 | D:1      | 529 ||| READING scroll labelled TAWKOA YBAQI.
   530 | D:1      | 530 ||| READING scroll labelled REUNUUGOECW.
   531 | D:1      | 531 ||| DROPPING scroll of poison.
   561 | D:2      | 561 ||| STAIRDANCE
   641 | D:2      | Reached XP level 3. HP: 27/29 MP: 3/3
   854 | D:2      | Reached skill level 4 in Ranged Weapons
  1119 | D:2      | 1119 ||| UPGRADING to +0 leather armour.
  1129 | D:2      | 1129 ||| DROPPING +0 robe.
  1130 | D:2      | 1130 ||| DROPPING scarf of shadows.
  1131 | D:2      | 1131 ||| READING scroll labelled VIL HIKKORPHADD.
  1135 | D:2      | 1135 ||| DRINKING 2 amethyst potions.
  1135 | D:2      | Gained mutation: Your muscles are strong. (Str +4, Int/Dex
                  | -1) [potion of mutation]
  1135 | D:2      | Gained mutation: You are clumsy. (Dex -2) [potion of
                  | mutation]
  1135 | D:2      | Gained mutation: Your spells are a little harder to cast,
                  | but a little more powerful. [potion of mutation]
  1135 | D:2      | Gained mutation: Your spells are harder to cast, but more
                  | powerful. [potion of mutation]
  1215 | D:3      | Reached XP level 4. HP: 36/36 MP: 4/4
  1342 | D:3      | HP: 9/36 [orc priest/+0 dagger (3)]
  1346 | D:3      | Reached skill level 5 in Ranged Weapons
  1504 | D:3      | You fall into a shaft and drop 2 floors!
  1504 | D:5      | Entered Level 5 of the Dungeon
  1533 | D:5      | Reached skill level 3 in Fighting
  1533 | D:5      | Reached XP level 5. HP: 39/45 MP: 5/5
  1574 | D:5      | 1574 ||| UPGRADING to +0 ring mail.
  1584 | D:5      | 1584 ||| DROPPING +0 leather armour.
  1596 | D:4      | Noticed Natasha
  1597 | D:4      | 1597 ||| Stepping ~*~*~tactically~*~*~ (outnumbered).
  1603 | D:4      | Reached skill level 1 in Armour
  1606 | D:4      | Killed Natasha
  1608 | D:4      | HP: 10/45 [orc/+0 mace (3)]
  1610 | D:4      | HP: 3/45 [orc/+0 dagger (4)]
  2009 | D:3      | 2009 ||| READING scroll of enchant weapon.
  2009 | D:3      | 2009 ||| ENCHANTING +2 sling.
  2092 | D:3      | Reached skill level 6 in Ranged Weapons
  2434 | D:3      | 2434 ||| READING scroll labelled KIUPYD LYSHREAL.
  2435 | D:3      | 2435 ||| DRINKING 3 ruby potions.
  2582 | D:4      | Reached XP level 6. HP: 51/51 MP: 6/6
  2722 | D:4      | Noticed Natasha
  2733 | D:4      | Killed Natasha
  2744 | D:4      | 2744 ||| FLEEEEING.
  2744 | D:4      | Found a sparkling altar of Nemelex Xobeh.
  2745 | D:4      | 2745 ||| FLEEEEING.
  2746 | D:4      | 2746 ||| FLEEEEING.
  2747 | D:4      | 2747 ||| FLEEEEING.
  2748 | D:4      | 2748 ||| FLEEEEING.
  2749 | D:4      | 2749 ||| FLEEEEING.
  2750 | D:4      | 2750 ||| FLEEEEING.
  2751 | D:4      | 2751 ||| FLEEEEING.
  2752 | D:4      | 2752 ||| FLEEEEING.
  2753 | D:4      | 2753 ||| FLEEEEING.
  2754 | D:4      | 2754 ||| FLEEEEING.
  2755 | D:4      | 2755 ||| FLEEEEING.
  2756 | D:4      | 2756 ||| FLEEEEING.
  2757 | D:4      | 2757 ||| FLEEEEING.
  2758 | D:4      | 2758 ||| FLEEEEING.
  2759 | D:4      | 2759 ||| FLEEEEING.
  2760 | D:4      | 2760 ||| FLEEEEING.
  2761 | D:4      | 2761 ||| FLEEEEING.
  2762 | D:4      | 2762 ||| FLEEEEING.
  2763 | D:4      | 2763 ||| FLEEEEING.
  2764 | D:4      | 2764 ||| FLEEEEING.
  2768 | D:4      | 2768 ||| FLEEEEING.
  2769 | D:4      | 2769 ||| FLEEEEING.
  2770 | D:4      | 2770 ||| FLEEEEING.
  2771 | D:4      | 2771 ||| FLEEEEING.
  2772 | D:4      | 2772 ||| FLEEEEING.
  2793 | D:4      | Noticed Natasha
  2797 | D:4      | Killed Natasha
  3051 | D:4      | Reached skill level 7 in Ranged Weapons
  3190 | D:4      | 3190 ||| READING 2 scrolls labelled IWNEUM HUPN.
  3191 | D:4      | 3191 ||| READING 3 scrolls of identify.
  3191 | D:4      | 3191 ||| IDENTIFYING metallic clear potion
  3192 | D:4      | 3192 ||| READING 2 scrolls of identify.
  3192 | D:4      | 3192 ||| IDENTIFYING dark potion
  3193 | D:4      | 3193 ||| DROPPING potion of lignification.
  3194 | D:4      | 3194 ||| DROPPING scroll of noise.
  3220 | D:5      | Noticed Eustachio
  3227 | D:5      | 3227 ||| STAIRDANCE
  3234 | D:4      | Killed Eustachio
  3235 | D:4      | Reached XP level 7. HP: 53/59 MP: 7/7
  3261 | D:5      | Noticed Edmund
  3274 | D:5      | HP: 6/59 [Edmund/+2 dire flail of protection (11)]
  3275 | D:5      | 3275 ||| DRINKING 2 potions of heal wounds.
  3289 | D:5      | HP: 12/59 [Edmund/+2 dire flail of protection (7)]
  3290 | D:5      | 3290 ||| DRINKING potion of heal wounds.
  3291 | D:5      | Killed Edmund
  3292 | D:5      | Reached skill level 8 in Ranged Weapons
  3394 | D:5      | 3394 ||| Stepping ~*~*~tactically~*~*~ (outnumbered).
  3395 | D:5      | 3395 ||| Stepping ~*~*~tactically~*~*~ (outnumbered).
  3717 | D:5      | 3717 ||| SWAPPING to +0 arbalest.
  3719 | D:5      | 3719 ||| DROPPING +3 sling of flaming.
  3804 | D:5      | Found a glowing silver altar of Zin.
  3804 | D:5      | Found a white marble altar of Elyvilon.
  3994 | D:6      | Reached skill level 9 in Ranged Weapons
  3994 | D:6      | Reached XP level 8. HP: 68/68 MP: 8/8
  4050 | D:6      | 4050 ||| Stepping ~*~*~tactically~*~*~ (cloud).
  4053 | D:6      | 4053 ||| Stepping ~*~*~tactically~*~*~ (cloud).
  4057 | D:6      | Reached skill level 6 in Fighting
  4316 | D:6      | Reached skill level 10 in Ranged Weapons
  4388 | D:6      | Found a staircase to the Ecumenical Temple.
  4389 | D:6      | 4389 ||| PLANNING TEMPLE
  4389 | D:6      | 4389 ||| UPGRADING to +0 steam dragon scales.
  4399 | D:6      | 4399 ||| DROPPING +0 ring mail.
  4400 | D:6      | 4400 ||| READING 3 scrolls of identify.
  4400 | D:6      | 4400 ||| IDENTIFYING puce potion
  4401 | D:6      | 4401 ||| READING 2 scrolls of identify.
  4401 | D:6      | 4401 ||| IDENTIFYING blue potion
  4408 | Temple   | Entered the Ecumenical Temple
  4447 | Temple   | 4447 ||| PLANNING OKAWARU WORSHIP
  4590 | Temple   | Became a worshipper of Warmaster Okawaru
  4591 | Temple   | 4591 ||| PLANNING D:1-11
  4882 | D:7      | 4882 ||| FLEEEEING.
  4885 | D:7      | 4885 ||| STAIRDANCE
  4935 | D:7      | Reached skill level 3 in Dodging
  4967 | D:7      | 4967 ||| FLEEEEING.
  4968 | D:7      | 4968 ||| FLEEEEING.
  4969 | D:7      | 4969 ||| FLEEEEING.
  4970 | D:7      | 4970 ||| FLEEEEING.
  4971 | D:7      | 4971 ||| FLEEEEING.
  5239 | D:7      | 5239 ||| FLEEEEING.
  5242 | D:7      | 5242 ||| FLEEEEING.
  5243 | D:7      | 5243 ||| FLEEEEING.
  5244 | D:7      | 5244 ||| FLEEEEING.
  5245 | D:7      | 5245 ||| FLEEEEING.
  5246 | D:7      | 5246 ||| FLEEEEING.
  5247 | D:7      | 5247 ||| FLEEEEING.
  5248 | D:7      | 5248 ||| FLEEEEING.
  5249 | D:7      | 5249 ||| FLEEEEING.
  5344 | D:7      | 5344 ||| FLEEEEING.
  5345 | D:7      | 5345 ||| FLEEEEING.
  5346 | D:7      | 5346 ||| FLEEEEING.
  5350 | D:7      | 5350 ||| STAIRDANCE
  5428 | D:6      | 5428 ||| DRINKING 2 viscous golden potions.
  5429 | D:6      | 5429 ||| READING 2 scrolls of identify.
  5429 | D:6      | 5429 ||| IDENTIFYING fuming pink potion
  5430 | D:6      | 5430 ||| DROPPING potion of berserk rage.
  5436 | D:7      | 5436 ||| FLEEEEING.
  5439 | D:7      | 5439 ||| STAIRDANCE
  5474 | D:7      | 5474 ||| FLEEEEING.
  5475 | D:7      | 5475 ||| FLEEEEING.
  5477 | D:7      | 5477 ||| STAIRDANCE
  5589 | D:7      | 5589 ||| FLEEEEING.
  5592 | D:7      | 5592 ||| STAIRDANCE
  5728 | D:7      | 5728 ||| Stepping ~*~*~tactically~*~*~ (water).
  5872 | D:7      | Noticed a hornet
  5874 | D:7      | 5874 ||| Stepping ~*~*~tactically~*~*~ (water).
  5876 | D:7      | 5876 ||| Stepping ~*~*~tactically~*~*~ (water).
  5878 | D:7      | Paralysed by a hornet for 3 turns
  5881 | D:7      | HP: 16/73 [hornet (13)]
  5882 | D:7      | 5882 ||| READING 2 scrolls of teleportation.
  5883 | D:7      | 5883 ||| DRINKING potion of heal wounds.
  5884 | D:7      | HP: 2/73 [hornet (9)]
  5885 | D:7      | 5885 ||| READING scroll of teleportation.
  5885 | D:7      | Mangled by a hornet

Levels and vault maps discovered:
D:1:      minmay_arrival_four_houses, layout_rooms,
          nicolae_ecumenical_snake_handling
D:2:      layout_rooms, minmay_misc_feat_four_crosses, minmay_tetromino_t2
D:3:      layout_loops_cross
D:4:      layout_basic, lemuel_doored_altar, uniq_natasha
D:5:      layout_gridville, gammafunk_temple_overflow_pools,
          dk_rats_in_the_wall, uniq_edmund, uniq_eustachio
D:6:      layout_cave_pools, minmay_temple_entry_ruins,
          hangedman_abyss_or_decor_lesser_grid
D:7:      layout_rooms, kennysheep_boxes
Temple:   bh_familiar_temple

Skill      XL: |  1  2  3  4  5  6  7  8 |
---------------+-------------------------+-----
Ranged Weapons | 3 4 5 6 7 9 10 | 10.7
Fighting       | 2 3 4 5 7 |  7.1
Armour         | 1 2 |  2.2
Dodging        | 3 |  3.0
Spellcasting   | |  1.0
Hexes          | |  2.0

Action                     |  1- 3 |  4- 6 |  7- 9 || total
---------------------------+-------+-------+-------++-------
   Fire: Sling             |   137 |   201 |    43 ||   381
         Arbalest          |       |       |   141 ||   141
    Use: Scroll            |     7 |     5 |     5 ||    17
         Potion            |     1 |     1 |     4 ||     6
 Armour: Robe              |    15 |       |       ||    15
         Leather armour    |     4 |     1 |       ||     5
         Ring mail         |       |    37 |    20 ||    57
         Steam dragon scal |       |       |    10 ||    10
  Dodge: Dodged            |    35 |    59 |    74 ||   168

Table legend:
 A = Non-vault XP
 B = Vault XP
 C = Vault XP percentage of total XP
 D = Non-vault monster count
 E = Vault monster count
 F = Vault count percentage of total count
                 A         B        C        D         E       F
            +---------+---------+-------+---------+---------+-------
      Total |    2357 |     406 |  14.7 |     124 |       8 |   6.1
            +---------+---------+-------+---------+---------+-------
        D:1 |      36 |       3 |   7.7 |      18 |       3 |  14.3
        D:2 |      44 |       3 |   6.4 |      20 |       2 |   9.1
        D:3 |     123 |       0 |   0.0 |      23 |       0 |   0.0
        D:4 |     395 |     238 |  37.6 |      23 |       2 |   8.0
        D:5 |     224 |     162 |  42.0 |       9 |       1 |  10.0
        D:6 |     943 |       0 |   0.0 |      15 |       0 |   0.0
        D:7 |     592 |       0 |   0.0 |      16 |       0 |   0.0
            +---------+---------+-------+---------+---------+-------
